 Dungeon Crawl Stone Soup version 0.31.0-11-ge490571c62 (webtiles) character file.

Game seed: 18004448332669729940

7 Baz the Vexing (level 2, 0/23 HPs)
             Began as a Gnoll Hexslinger on Feb 7, 2024.
             Slain by a quokka (3 damage)
             ... on level 1 of the Dungeon.
             The game lasted 00:00:48 (178 turns).

Baz the Vexing (Gnoll Hexslinger)                    Turns: 178, Time: 00:00:48

Health: 0/23       AC:  2    Str:  7    XL:     2   Next: 4%
Magic:  5/5        EV: 13    Int: 12    God:
Gold:   24         SH:  0    Dex: 14    Spells: 6/6 levels left

rFire   . . .        a - +1 sling
rCold   . . .        (no shield)
rNeg    . . .        c - +0 robe
rPois   .            (no helmet)
rElec   .            (no cloak)
rCorr   .            (no gloves)
SInv    .            (no boots)
Will    .....        (no amulet)
Stlth   +            (no ring)
HPRegen 0.23/turn    (no ring)
MPRegen 0.09/turn

%: no passive effects
@: no status effects
A: fangs 1, strong nose, distributed training
a: no special abilities


You were on level 1 of the Dungeon.
You visited 1 branch of the dungeon, and saw 1 of its levels.

You collected 24 gold pieces.

Inventory:

Hand Weapons
 a - a +1 sling (weapon)
Armour
 c - a +0 robe (worn)
Scrolls
 b - a scroll of poison
 d - a scroll of noise {unknown}
 f - a scroll of immolation {unknown}
Potions
 e - a potion of degeneration {unknown}


   Skills:
 + Level 2.4 Fighting
 + Level 0.2 Short Blades
 + Level 0.2 Long Blades
 + Level 0.2 Axes
 + Level 0.2 Maces & Flails
 + Level 0.2 Polearms
 + Level 0.2 Staves
 + Level 4.4 Ranged Weapons
 + Level 0.2 Throwing
 + Level 0.2 Armour
 + Level 4.4 Dodging
 + Level 0.2 Stealth
 + Level 0.2 Shields
 + Level 0.2 Unarmed Combat
 + Level 2.6 Spellcasting
 + Level 0.1 Conjurations
 + Level 5.3 Hexes
 + Level 0.1 Summonings
 + Level 0.1 Necromancy
 + Level 0.1 Translocations
 + Level 2.0 Fire Magic
 + Level 0.1 Ice Magic
 + Level 0.1 Air Magic
 + Level 0.1 Earth Magic
 + Level 0.1 Alchemy
 + Level 0.3 Invocations
 + Level 0.2 Evocations
 + Level 0.2 Shapeshifting


You had 6 spell levels left.
You didn't know any spells.
Your spell library contained the following spells:

 Spells                   Type           Power      Damage    Failure   Level
 Jinxbite                 Hex            28%        N/A       4%          2
 Sigil of Binding         Hex            14%        N/A       9%          3
 Inner Flame              Hex/Fire       10%        N/A       17%         3
 Cause Fear               Hex            7%         N/A       28%         4
 Dimensional Bullseye     Hex/Tloc       4%         N/A       63%         4


Dungeon Overview and Level Annotations

Branches:
Dungeon (1/15)

Altars:


Innate Abilities, Weirdness & Mutations

You have very sharp teeth.
Your uncanny sense of smell can sniff out nearby items.
Your experience applies equally to all skills.


Message History

Aim: a quokka (lightly wounded, 50% to hit)
You shoot a sling bullet.
The sling bullet closely misses the quokka.
The quokka barely misses you. The quokka bites you.
Fire: a) +1 sling
Press: ? - help, Q - select action Shift-Dir - straight line, f/p - quokka
Aim: a quokka (lightly wounded, 50% to hit)
You shoot a sling bullet. The sling bullet hits the quokka.
The quokka is moderately wounded.
The quokka bites you.
Fire: a) +1 sling
Press: ? - help, Q - select action Shift-Dir - straight line, f/p - quokka
Aim: a quokka (moderately wounded, 50% to hit)
You shoot a sling bullet. The sling bullet hits the quokka.
The quokka is heavily wounded.
The quokka bites you.
* * * LOW HITPOINT WARNING * * *
Fire: a) +1 sling
Press: ? - help, Q - select action Shift-Dir - straight line, f/p - quokka
Aim: a quokka (heavily wounded, 50% to hit)
You shoot a sling bullet.
The sling bullet hits the quokka but does no damage.
The quokka is heavily wounded.
The quokka completely misses you. The quokka closely misses you.
Unknown command.
Fire: a) +1 sling
Press: ? - help, Q - select action Shift-Dir - straight line, f/p - quokka
Aim: a quokka (heavily wounded, 50% to hit)
You shoot a sling bullet.
The sling bullet closely misses the quokka.
The quokka bites you but does no damage.
Unknown command.
Fire: a) +1 sling
Press: ? - help, Q - select action Shift-Dir - straight line, f/p - quokka
Aim: a quokka (heavily wounded, 50% to hit)
You shoot a sling bullet.
The sling bullet hits the quokka but does no damage.
The quokka is heavily wounded.
The quokka bites you.
You die...

### ## ### #.. .# ....∆
#.# .#
......†##.##.#####
.....>..r.#.......
.......##@........
.......###........
.......# #.#.##### #
∆.......###.#.####. .
#............... .....
#.#............. .....
#...###...###.. #...
##...# #...# ... #...
#....###...###...###...


You could see a quokka.

Vanquished Creatures
  A bat (D:1)
  2 hobgoblins (D:1)
  2 kobolds (D:1)
  A goblin (D:1)
  A rat (D:1)
7 creatures vanquished.

Notes
Turn   | Place    | Note
-------+----------+-------------------------------------------
     0 | D:1      | Baz the Gnoll Hexslinger began the quest for the Orb.
     0 | D:1      | Reached XP level 1. HP: 17/17 MP: 4/4
   170 | D:1      | Reached XP level 2. HP: 15/23 MP: 5/5
   178 | D:1      | Slain by a quokka

Illustrated notes

Levels and vault maps discovered:
D:1:      wander_arrival_fairy_ring, layout_basic,
          hangedman_decor_diamond_cutter, chequers_serial_rivers_micro_d,
          kennysheep_boxes

Skill      XL: |  1 |
---------------+----+-----
Fire Magic     | 2 |  2.0
Fighting       | |  2.4
Short Blades   | |  0.2
Long Blades    | |  0.2
Axes           | |  0.2
Maces & Flails | |  0.2
Polearms       | |  0.2
Staves         | |  0.2
Ranged Weapons | |  4.4
Throwing       | |  0.2
Armour         | |  0.2
Dodging        | |  4.4
Stealth        | |  0.2
Shields        | |  0.2
Unarmed Combat | |  0.2
Spellcasting   | |  2.6
Conjurations   | |  0.1
Hexes          | |  5.3
Summonings     | |  0.1
Necromancy     | |  0.1
Translocations | |  0.1
Ice Magic      | |  0.1
Air Magic      | |  0.1
Earth Magic    | |  0.1
Alchemy        | |  0.1
Invocations    | |  0.3
Evocations     | |  0.2
Shapeshifting  | |  0.2

Action                     || total
---------------------------++-------
   Fire: Sling             ||    27
 Armour: Robe              ||    10
  Dodge: Dodged            ||     6
